 Dungeon Crawl Stone Soup version 0.20.1-1-g8b1a95d (webtiles) character file.

1911 Mitsuki the Skirmisher (level 9, -6/80 HPs)
             Began as a Hill Orc Fighter on Oct 8, 2017.
             Was a Believer of Okawaru.
             Mangled by a killer bee (7 damage)
             ... on level 6 of the Dungeon.
             The game lasted 00:13:14 (7979 turns).

Mitsuki the Skirmisher (Hill Orc Fighter)           Turns: 7979, Time: 00:13:15

Health: -6/80      AC: 25    Str: 21 (22) XL:     9   Next: 16%
Magic:  10/11      EV:  5    Int:  7 (8)  God:    Okawaru [**....]
Gold:   307        SH: 10    Dex:  7 (10) Spells: 8/8 levels left

rFire    . . .     SeeInvis .   a - +0 long sword
rCold    . . .     Gourm    +   c - +0 shield
rNeg     . . .     Faith    .   k - +0 plate armour
rPois    .         Spirit   .   C - +0 helmet
rElec    .         Reflect  .   (no cloak)
rCorr    .         Harm     .   m - +2 pair of gloves
MR       .....                  (no boots)
Stlth    ..........             z - amulet of the gourmand
Regen    0.3/turn               l - +5 ring of protection
MPRegen  0.2/turn               y - +3 ring of protection

@: lethally poisoned (-6 -> -8), flying
A: no striking features
a: Heroism, Renounce Religion


You were on level 6 of the Dungeon.
You worshipped Okawaru.
Okawaru was pleased with you.
You were very full.

You visited 1 branch of the dungeon, and saw 7 of its levels.

You collected 307 gold pieces.

Inventory:

Hand Weapons
 a - a +0 long sword (weapon)
Armour
 c - a +0 shield (worn)
 k - a +0 plate armour (worn)
 m - a +2 pair of gloves (worn)
 C - a +0 helmet (worn)
Jewellery
 l - a +5 ring of protection (left hand)
 q - an uncursed ring of resist corrosion
 w - an uncursed amulet of magic regeneration
 y - a +3 ring of protection (right hand)
 z - an amulet of the gourmand (around neck)
 D - a cursed -3 ring of dexterity {unknown}
Wands
 x - a wand of flame (27/48)
Scrolls
 h - 7 scrolls of immolation {unknown}
 i - 3 scrolls of teleportation {unknown}
 j - 5 scrolls of remove curse
 o - a scroll of enchant weapon {unknown}
 p - 6 scrolls of identify
 r - a scroll of recharging {unknown}
 s - a scroll of enchant armour {unknown}
 t - a scroll of magic mapping {unknown}
 u - 2 scrolls of noise {unknown}
 B - a scroll of fog {unknown}
Potions
 d - 4 potions of might
 e - 2 potions of haste
 g - 2 potions of flight
Books
 E - a book of Air

   Spells                             Type                      Level
   a - Shock                          Conjuration/Air              1
   b - Swiftness                      Charms/Air                   2
   c - Static Discharge               Conjuration/Air              3
   d - Airstrike                      Air                          4
   e - Lightning Bolt                 Conjuration/Air              5
Comestibles
 f - 6 bread rations
 n - 3 meat rations
 v - 4 fruits
 A - a royal jelly


   Skills:
 + Level 7.7 Fighting
 + Level 6.4 Long Blades
 + Level 6.9 Armour
 + Level 6.9 Shields
 + Level 2.6 Invocations
 + Level 1.9 Evocations


You had 8 spell levels left.
You didn't know any spells.

Dungeon Overview and Level Annotations

Branches:
Dungeon (7/15)
 Temple: D:4-7

Altars:
Cheibriados
Hepliaklqana
Nemelex Xobeh
Okawaru
Qazlal
Xom
Yredelemnul

Annotations:
D:7 Menkaure


Message History

The killer bee stings you but does no damage. x3
The killer bee barely misses you.
You barely miss the killer bee.
The killer bee is severely wounded.
* * * LOW HITPOINT WARNING * * *
You feel sick. You block the killer bee's attack. x2
The killer bee closely misses you. The killer bee barely misses you. x2
You riposte.
You hit the killer bee.
The killer bee is severely wounded.
You miss the killer bee.
The killer bee is severely wounded.
You block the killer bee's attack.
The killer bee stings you but does no damage. x2
You block the killer bee's attack.
You miss the killer bee.
The killer bee is severely wounded.
* * * LOW HITPOINT WARNING * * *
You feel sick. You block the killer bee's attack. x2
The killer bee stings you!
You die...

######
###.##.############
#.....#..#........#
#.....#.........###
#.......####.....#####
# ####....#..#
#####>....###
##........y@#
#####....
#.........y## ###..
##.........>.# #..
#............## #..
##.............## #..
#...............# #..
#...............## #..
#................# #..
#................##
#..


You could see 2 killer bees.

Vanquished Creatures
  Grinder (D:3)
  Sigmund (D:6)
  Eustachio (D:4)
  An orc warrior (D:6)
  2 black bears
  A phantom (D:6)
  A centaur (D:5)
  2 scorpions
  A killer bee (D:6)
  2 orc priests (D:6)
  A bullfrog skeleton (D:4)
  2 hounds (D:4)
  5 orc wizards
  2 iguanas
  Ijyb (D:5)
  Terence (D:3)
  Natasha (thrice) (D:4)
  5 worker ants
  Robin (D:3)
  4 gnolls (D:6)
  5 adders
  2 oozes
  An adder skeleton (D:5)
  A dart slug (D:1)
  5 leopard geckos
  15 orcs
  7 bats
  6 giant cockroaches
  2 gnoll zombies (D:3)
  19 goblins
  12 hobgoblins
  12 jackals
  3 quokkas
  A ball python (D:5)
  2 frilled lizards
  9 kobolds
  A quokka skeleton (D:4)
  A quokka zombie (D:7)
  7 rats
149 creatures vanquished.

Notes
Turn   | Place    | Note
-------+----------+-------------------------------------------
     0 | D:1      | Mitsuki the Hill Orc Fighter began the quest for the Orb.
     0 | D:1      | Reached XP level 1. HP: 19/19 MP: 1/1
   242 | D:1      | Reached XP level 2. HP: 26/27 MP: 2/2
   499 | D:1      | Reached skill level 4 in Fighting
   559 | D:1      | Found a shimmering altar of Xom.
   976 | D:1      | Reached XP level 3. HP: 33/33 MP: 3/3
  1441 | D:2      | Found a stormy altar of Qazlal.
  1852 | D:2      | Reached XP level 4. HP: 40/40 MP: 4/4
  1889 | D:3      | Noticed Robin
  2246 | D:3      | Killed Robin
  2561 | D:3      | Noticed Terence
  2569 | D:3      | Reached XP level 5. HP: 46/47 MP: 5/5
  2594 | D:3      | Killed Terence
  2598 | D:3      | Reached skill level 5 in Fighting
  2778 | D:3      | Found a hazy altar of Hepliaklqana.
  2806 | D:3      | Noticed Grinder
  2807 | D:3      | Paralysed by Grinder for 5 turns
  2835 | D:3      | Killed Grinder
  2835 | D:3      | Reached XP level 6. HP: 13/56 MP: 6/6
  3135 | D:3      | Found a basalt altar of Yredelemnul.
  3464 | D:4      | Found an iron altar of Okawaru.
  3471 | D:4      | Became a worshipper of Warmaster Okawaru
  3513 | D:4      | Noticed Eustachio
  3640 | D:4      | Killed Eustachio
  3640 | D:4      | Reached skill level 5 in Armour
  3640 | D:4      | Reached skill level 5 in Shields
  3640 | D:4      | Reached XP level 7. HP: 56/62 MP: 7/7
  3745 | D:4      | Reached skill level 6 in Fighting
  4188 | D:4      | Reached skill level 5 in Long Blades
  4217 | D:4      | Noticed Natasha
  4225 | D:4      | Killed Natasha
  4490 | D:5      | Entered Level 5 of the Dungeon
  4509 | D:5      | Reached * piety under Okawaru
  4514 | D:5      | Reached XP level 8. HP: 41/71 MP: 8/8
  5016 | D:5      | Noticed Ijyb
  5027 | D:5      | Killed Ijyb
  5355 | D:5      | Found a hazy altar of Hepliaklqana.
  5463 | D:4      | Noticed Natasha
  5697 | D:4      | Found an iron altar of Okawaru.
  5711 | D:4      | Killed Natasha
  5711 | D:4      | Reached skill level 7 in Fighting
  5749 | D:4      | Noticed Natasha
  5752 | D:4      | Killed Natasha
  6261 | D:6      | Found a sparkling altar of Nemelex Xobeh.
  6456 | D:6      | Reached ** piety under Okawaru
  6456 | D:6      | Reached skill level 1 in Invocations
  6746 | D:6      | Reached skill level 1 in Evocations
  6932 | D:6      | Noticed Sigmund
  7419 | D:6      | Killed Sigmund
  7419 | D:6      | Reached XP level 9. HP: 79/79 MP: 10/10
  7919 | D:7      | Found a snail-covered altar of Cheibriados.
  7924 | D:7      | Noticed Menkaure
  7973 | D:6      | HP: 4/80 [poisoned by a killer bee]
  7979 | D:6      | HP: 1/80 [poisoned by a killer bee]
  7979 | D:6      | Mangled by a killer bee

Skill      XL: |  1  2  3  4  5  6  7  8 |
---------------+-------------------------+-----
Fighting       | 4 5 6 7 |  7.7
Long Blades    | 3 4 5 6 |  6.4
Armour         | 4 5 6 |  6.9
Shields        | 4 5 6 |  6.9
Invocations    | 2 |  2.6
Evocations     | 1 |  1.9

Action                   |  1- 3 |  4- 6 |  7- 9 || total
-------------------------+-------+-------+-------++-------
Melee: Long sword        |   220 |   192 |   446 ||   858
Invok: Heroism           |       |       |     2 ||     2
  Use: Scroll            |     1 |       |     2 ||     3
       Potion            |       |     4 |     2 ||     6
  Eat: Chunk             |     4 |     4 |    25 ||    33
Armor: Scale mail        |    23 |       |       ||    23
       Plate armour      |   165 |   130 |   346 ||   641
Dodge: Dodged            |    41 |    30 |    99 ||   170
Block: Shield            |   139 |   119 |   312 ||   570
       Rpst.: Long sword |    19 |     9 |    32 ||    60
